Blues vs Capitals
Created - May 4, 2018 at 22:11
Goals
|
Blues |
1 |
0 |
1 |
1 |
3 |
Capitals |
0 |
2 |
0 |
0 |
2 |
|
Shots
|
Blues |
4 |
14 |
14 |
2 |
34 |
Capitals |
13 |
14 |
4 |
3 |
34 |
|
1st period
1. Blues , Patrick Kaleta 14 (Victor Hedman 20, Tomas Plekanec 16) at 3:10
Penalties :
Christian Ehrhoff (STL) for Interference (Minor) at 6:44, Alex Pietrangelo (STL) for Delaying the game (Minor) at 10:14, Milan Michalek (STL) for Hooking (Minor) at 12:41
2nd period
2. Capitals , Erik Karlsson 9 (Paul Martin 31) at 4:43
3. Capitals , Ryan Getzlaf 23 (Jamie Benn 27, Blake Wheeler 28) at 7:56
Penalties :
Jason Pominville (STL) for Hooking (Minor) at 16:05
3rd period
4. Blues , Linus Omark 5 (Logan Couture 14, Sergei Shirokov 22) at 5:45
Penalties :
Milan Michalek (STL) for Interference (Minor) at 0:03
Overtime #1
5. Blues , Marcel Hossa 4 (Derek Boogaard 28, Sergei Shirokov 23) at 2:57
Penalties :
No Penalty
Goalie Stats
Carey Price (STL), 32 saves from 34 shots - (0.941), W, 35-32-8, 62:57 minutes
Roberto Luongo (Was), 31 saves from 34 shots - (0.912), OTL, 18-23-3, 62:57 minutes
Players Stats for Blues
Player Name G A P +/- PIM S H SB GA TA FO MP PP MP PK MP
------------------------------------------------------------------------------------
Alex Pietrangelo 0 0 0 0 2 3 2 2 1 0 0/0 26:38 0:00 4:54
B.J. Crombeen 0 0 0 -1 0 3 1 0 0 0 1/1 13:51 0:00 0:00
Bryce Lampman 0 0 0 0 0 0 2 6 0 2 0/0 28:40 0:00 6:07
Christian Ehrhoff 0 0 0 0 2 0 0 2 0 0 0/0 10:43 0:00 0:20
Derek Boogaard 0 1 1 0 0 1 2 1 2 1 0/1 15:14 0:00 1:07
Jake Gardiner 0 0 0 1 0 3 1 3 0 0 0/0 23:17 0:00 3:48
Jason Pominville 0 0 0 -1 2 2 0 2 3 1 0/2 20:50 0:00 2:41
Linus Omark 1 0 1 1 0 2 1 1 1 0 0/0 12:01 0:00 0:00
Logan Couture 0 1 1 1 0 2 3 0 0 0 3/10 16:06 0:00 3:18
Marcel Hossa 1 0 1 2 0 2 0 0 0 0 0/0 6:52 0:00 0:00
Milan Michalek 0 0 0 -1 4 0 0 0 0 0 1/1 18:10 0:00 0:00
Nicklas Backstrom 0 0 0 -1 0 7 3 2 2 0 14/24 20:10 0:00 1:53
Patrick Kaleta 1 0 1 1 0 3 1 0 0 0 1/1 12:54 0:00 5:19
Sergei Shirokov 0 2 2 1 0 3 0 0 0 0 1/2 12:33 0:00 0:00
Tomas Plekanec 0 1 1 1 0 1 1 1 0 0 3/3 6:38 0:00 0:00
Travis Zajac 0 0 0 -1 0 1 1 0 0 0 11/23 20:37 0:00 5:32
Victor Hedman 0 1 1 1 0 0 0 1 0 0 0/0 18:12 0:00 0:53
Yann Sauvé 0 0 0 0 0 1 0 0 0 2 0/0 18:22 0:00 3:48
Players Stats for Capitals
Player Name G A P +/- PIM S H SB GA TA FO MP PP MP PK MP
------------------------------------------------------------------------------------
Alexei Morozov 0 0 0 0 0 4 1 0 2 0 0/0 12:19 0:08 0:00
Blake Wheeler 0 1 1 0 0 2 2 1 0 0 1/3 24:14 5:19 0:00
Chris Kunitz 0 0 0 0 0 0 1 0 0 0 0/0 6:56 0:08 0:00
Darroll Powe 0 0 0 -1 0 3 0 1 0 0 0/2 7:11 0:04 0:00
Eric Fehr 0 0 0 0 0 0 0 1 0 1 0/1 6:40 0:00 0:00
Erik Karlsson 1 0 1 0 0 3 1 1 2 2 0/0 29:00 6:16 0:00
Gabriel Landeskog 0 0 0 -1 0 0 1 0 0 1 0/0 18:51 4:28 0:00
Jamie Benn 0 1 1 0 0 3 0 0 0 0 2/3 24:18 5:19 0:00
Joe Thornton 0 0 0 0 0 2 1 1 0 0 6/14 19:11 4:28 0:00
Josef Vasicek 0 0 0 0 0 0 2 0 0 0 3/8 12:03 0:00 0:00
Keith Yandle 0 0 0 0 0 1 0 1 0 0 0/0 11:36 0:00 0:00
Lasse Kukkonen 0 0 0 0 0 0 0 0 0 1 0/0 11:36 0:00 0:00
Matt Carle 0 0 0 -1 0 3 1 3 1 0 0/0 22:21 3:39 0:00
Matt Irwin 0 0 0 -1 0 2 0 0 1 1 0/0 22:21 3:39 0:00
Paul Martin 0 1 1 0 0 4 0 2 0 2 0/0 29:00 6:16 0:00
Ryan Getzlaf 1 0 1 0 0 5 2 0 0 0 21/36 24:16 5:23 0:00
T.J. Oshie 0 0 0 0 0 2 2 0 0 0 0/1 17:52 4:28 0:00
Tuomo Ruutu 0 0 0 0 0 0 3 0 0 1 0/0 12:03 0:00 0:00
3 Stars
1 - Marcel Hossa (STL)
2 - Linus Omark (STL)
3 - Carey Price (STL)
Power Play
Blues - 0 on 0 Attempt(s) - 0.00%
Capitals - 0 on 5 Attempt(s) - 0.00%
Penalty Kill
Blues - 5 on 5 Attempt(s) - 100.00%
- Score 0 goal in Penalty Kill
Capitals - 0 on 0 Attempt(s) - 0.00%
- Score 0 goal in Penalty Kill
Team Stat
Blues - Hits : 18 - Faceoff Wins : 35 - Blocked Shots : 21 - Penalty Minutes : 10
Capitals - Hits : 17 - Faceoff Wins : 33 - Blocked Shots : 11 - Penalty Minutes : 0
Official
Referees : Jackson Dave and Dwyer Gord
Linesman : Jean Morin and Don Henderson
Game Notes
No Game Note
Finance
Level 1 -- Attendance: 5694 (94.90%) -- Ticket Income $466,908
Level 2 -- Attendance: 5000 (100.00%) -- Ticket Income $235,000
Level 3 -- Attendance: 1826 (91.30%) -- Ticket Income $58,432
Level 4 -- Attendance: 3733 (93.33%) -- Ticket Income $78,393
Luxury Box -- Attendance: 875 (87.50%) -- Ticket Income $147,000
Game was played at the Verizon Center.
Total Attendance: 17128 (95.16%)
Total Ticket Income: $985,733
Other Income: $147,860
Total Income: $1,133,593
Blues
5 vs 5 Forward
Center Left Wing Right Wing Time % Phy DF OF
1 Nicklas Backstrom Milan Michalek Jason Pominville 40 1 2 2
2 Travis Zajac Derek Boogaard B.J. Crombeen 30 1 2 2
3 Logan Couture Linus Omark Sergei Shirokov 20 1 2 2
4 Tomas Plekanec Marcel Hossa Patrick Kaleta 10 1 2 2
5 vs 5 Defense
Defense Defense Time % Phy DF OF
1 Alex Pietrangelo Bryce Lampman 40 1 2 2
2 Jake Gardiner Victor Hedman 30 1 2 2
3 Christian Ehrhoff Yann Sauvé 20 1 2 2
4 Jake Gardiner Yann Sauvé 10 1 2 2
PowerPlay Forward
Center Left Wing Right Wing Time % Phy DF OF
1 Nicklas Backstrom Derek Boogaard Jason Pominville 60 1 2 2
2 Travis Zajac Milan Michalek B.J. Crombeen 40 1 2 2
PowerPlay Defense
Defense Defense Time % Phy DF OF
1 Jake Gardiner Alex Pietrangelo 60 1 2 2
2 Victor Hedman Bryce Lampman 40 1 2 2
Penalty Kill 4 Players Forward
Center Wing Time % Phy DF OF
1 Travis Zajac Patrick Kaleta 60 1 2 2
2 Logan Couture Jason Pominville 40 1 2 2
Penalty Kill 4 Players Defense
Defense Defense Time % Phy DF OF
1 Alex Pietrangelo Bryce Lampman 60 1 2 2
2 Yann Sauvé Jake Gardiner 40 1 2 2
Penalty Kill - 3 Players Forward
Forward Time % Phy DF OF
1 Travis Zajac 60 1 2 2
2 Tomas Plekanec 40 1 2 2
Penalty Kill - 3 Players Defense
Defense Defense Time % Phy DF OF
1 Bryce Lampman Yann Sauvé 60 1 2 2
2 Alex Pietrangelo Jake Gardiner 40 1 2 2
4 vs 4 Forward
Center Wing Time % Phy DF OF
1 Travis Zajac Sergei Shirokov 60 1 2 2
2 Nicklas Backstrom Linus Omark 40 1 2 2
4 vs 4 Defense
Defense Defense Time % Phy DF OF
1 Victor Hedman Alex Pietrangelo 60 1 2 2
2 Bryce Lampman Jake Gardiner 40 1 2 2
Last Minutes Offensive
Center Left Wing Right Wing Defense Defense
Nicklas Backstrom Milan Michalek Jason Pominville Jake Gardiner Alex Pietrangelo
Last Minutes Defensive
Center Left Wing Right Wing Defense Defense
Travis Zajac Milan Michalek Patrick Kaleta Bryce Lampman Yann Sauvé
Goaltenders
Starting : Carey Price
Backup : Ray Emery
Extra Forwards
Normal : Patrick Kaleta, Logan Couture, Marcel Hossa - PP : Sergei Shirokov, Tomas Plekanec - PK : Nicklas Backstrom
Extra Defensemen
Normal : Jake Gardiner, Yann Sauvé, Victor Hedman - PP : Christian Ehrhoff - PK : Alex Pietrangelo, Victor Hedman
Penalty Shots
Marcel Hossa, Logan Couture, Nicklas Backstrom, Sergei Shirokov, Travis Zajac
Scratches
David Perron (Broken Bone (Left Foot) Injury), Rickard Wallin (Healthy)
Capitals
5 vs 5 Forward
Center Left Wing Right Wing Time % Phy DF OF
1 Ryan Getzlaf Jamie Benn Blake Wheeler 40 1 2 2
2 Joe Thornton Gabriel Landeskog T.J. Oshie 30 1 2 2
3 Josef Vasicek Tuomo Ruutu Alexei Morozov 20 1 2 2
4 Darroll Powe Chris Kunitz Eric Fehr 10 1 2 2
5 vs 5 Defense
Defense Defense Time % Phy DF OF
1 Erik Karlsson Paul Martin 40 1 2 2
2 Matt Carle Matt Irwin 30 1 2 2
3 Lasse Kukkonen Keith Yandle 20 1 2 2
4 Erik Karlsson Paul Martin 10 1 2 2
PowerPlay Forward
Center Left Wing Right Wing Time % Phy DF OF
1 Ryan Getzlaf Jamie Benn Blake Wheeler 60 1 2 2
2 Joe Thornton Gabriel Landeskog T.J. Oshie 40 1 2 2
PowerPlay Defense
Defense Defense Time % Phy DF OF
1 Erik Karlsson Paul Martin 60 1 2 2
2 Matt Carle Matt Irwin 40 1 2 2
Penalty Kill 4 Players Forward
Center Wing Time % Phy DF OF
1 Joe Thornton Blake Wheeler 60 1 2 2
2 Ryan Getzlaf Gabriel Landeskog 40 1 2 2
Penalty Kill 4 Players Defense
Defense Defense Time % Phy DF OF
1 Lasse Kukkonen Erik Karlsson 60 1 2 2
2 Paul Martin Matt Irwin 40 1 2 2
Penalty Kill - 3 Players Forward
Forward Time % Phy DF OF
1 Joe Thornton 60 1 2 2
2 Ryan Getzlaf 40 1 2 2
Penalty Kill - 3 Players Defense
Defense Defense Time % Phy DF OF
1 Lasse Kukkonen Paul Martin 60 1 2 2
2 Erik Karlsson Matt Irwin 40 1 2 2
4 vs 4 Forward
Center Wing Time % Phy DF OF
1 Joe Thornton Jamie Benn 60 1 2 2
2 Ryan Getzlaf Blake Wheeler 40 1 2 2
4 vs 4 Defense
Defense Defense Time % Phy DF OF
1 Erik Karlsson Paul Martin 60 1 2 2
2 Matt Carle Matt Irwin 40 1 2 2
Last Minutes Offensive
Center Left Wing Right Wing Defense Defense
Joe Thornton Jamie Benn Blake Wheeler Erik Karlsson Paul Martin
Last Minutes Defensive
Center Left Wing Right Wing Defense Defense
Joe Thornton Jamie Benn Blake Wheeler Lasse Kukkonen Erik Karlsson
Goaltenders
Starting : Roberto Luongo
Backup : Miika Kiprusoff
Extra Forwards
Normal : Joe Thornton, Ryan Getzlaf, Blake Wheeler - PP : Joe Thornton, Gabriel Landeskog - PK : Blake Wheeler
Extra Defensemen
Normal : Erik Karlsson, Matt Carle, Keith Yandle - PP : Erik Karlsson - PK : Matt Carle, Keith Yandle
Penalty Shots
Joe Thornton, Ryan Getzlaf, Jamie Benn, Blake Wheeler, Gabriel Landeskog
Scratches
Brian Boyle (Healthy), Wayne Simmonds (Sprained Left Finger Injury), Shane Doan (Healthy), Stephane Robidas (Healthy)
% Time on Ice - Blues
Lines # - Real PCT - Wanted PCT - Time Play
Normal Forward
1 - 35% - 40% - 17:45
2 - 29% - 30% - 14:23
3 - 23% - 20% - 11:19
4 - 13% - 10% - 6:38
Normal Defense
1 - 41% - 40% - 20:21
2 - 31% - 30% - 15:46
3 - 20% - 20% - 10:07
4 - 8% - 10% - 3:51
PP Forward
1 - 0% - 60%
2 - 0% - 40%
PP Defense
1 - 0% - 60%
2 - 0% - 40%
PK Forward
1 - 67% - 60% - 6:37
2 - 33% - 40% - 3:18
PK Defense
1 - 62% - 60% - 6:07
2 - 38% - 40% - 3:48
PK3 Forward
1 - 0% - 60%
2 - 0% - 40%
PK3 Defense
1 - 0% - 60%
2 - 0% - 40%
44 Forward
1 - 76% - 60% - 2:15
2 - 24% - 40% - 0:42
44 Defense
1 - 57% - 60% - 1:41
2 - 43% - 40% - 1:16
Last Minute Offensive - 0:00
Last Minute Defensive - 0:00
Total
Forward - 62:57
Defense - 62:57
|
% Time on Ice - Capitals
Lines # - Real PCT - Wanted PCT - Time Play
Normal Forward
1 - 36% - 40% - 17:58
2 - 27% - 30% - 13:24
3 - 24% - 20% - 12:03
4 - 13% - 10% - 6:40
Normal Defense
1 - 39% - 40% - 19:26
2 - 35% - 30% - 17:33
3 - 23% - 20% - 11:36
4 - 3% - 10% - 1:30
PP Forward
1 - 55% - 60% - 5:27
2 - 45% - 40% - 4:28
PP Defense
1 - 63% - 60% - 6:16
2 - 37% - 40% - 3:39
PK Forward
1 - 0% - 60%
2 - 0% - 40%
PK Defense
1 - 0% - 60%
2 - 0% - 40%
PK3 Forward
1 - 0% - 60%
2 - 0% - 40%
PK3 Defense
1 - 0% - 60%
2 - 0% - 40%
44 Forward
1 - 75% - 60% - 2:13
2 - 25% - 40% - 0:44
44 Defense
1 - 61% - 60% - 1:48
2 - 39% - 40% - 1:09
Last Minute Offensive - 0:00
Last Minute Defensive - 0:00
Total
Forward - 62:57
Defense - 62:57
|
Play by Play
1st period
0:01 of 1st period - Ryan Getzlaf wins face-off versus Nicklas Backstrom in neutral zone.
0:28 of 1st period - Icing by Joe Thornton.
0:29 of 1st period - Travis Zajac wins face-off versus Joe Thornton in Capitals zone.
0:36 of 1st period - Snap shot by B.J. Crombeen.
0:36 of 1st period - Shot Misses the Net.
0:38 of 1st period - Snap shot by Jake Gardiner.
0:38 of 1st period - Deflect By Joe Thornton.
0:38 of 1st period - Stopped by Roberto Luongo with a rebound.
0:40 of 1st period - Wrist shot by Travis Zajac.
0:40 of 1st period - Shot Misses the Net.
0:42 of 1st period - Snap shot by B.J. Crombeen.
0:42 of 1st period - Stopped by Roberto Luongo without a rebound.
0:43 of 1st period - Josef Vasicek wins face-off versus Logan Couture in Capitals zone.
0:48 of 1st period - Logan Couture is hit by Tuomo Ruutu and loses puck.
1:18 of 1st period - Snap shot by Tomas Plekanec.
1:18 of 1st period - Shot Blocked by Darroll Powe.
1:38 of 1st period - Wrist shot by Ryan Getzlaf.
1:38 of 1st period - Shot Blocked by Nicklas Backstrom.
2:14 of 1st period - Snap shot by Josef Vasicek.
2:14 of 1st period - Shot Blocked by Jake Gardiner.
2:24 of 1st period - Slapshot by Victor Hedman.
2:24 of 1st period - Shot Blocked by Eric Fehr.
2:48 of 1st period - Snap shot by Ryan Getzlaf.
2:48 of 1st period - Stopped by Carey Price with a rebound.
3:04 of 1st period - Slapshot by Jake Gardiner.
3:04 of 1st period - Shot Blocked by Paul Martin.
3:06 of 1st period - Slapshot by Tomas Plekanec.
3:06 of 1st period - Shot Misses the Net.
3:08 of 1st period - Snap shot by Victor Hedman.
3:08 of 1st period - Shot Blocked by Joe Thornton.
3:10 of 1st period - Snap shot by Patrick Kaleta.
3:10 of 1st period - Goal by Patrick Kaleta - Blues : 1 - Capitals : 0.
3:11 of 1st period - Ryan Getzlaf wins face-off versus Travis Zajac in neutral zone.
3:14 of 1st period - Wrist shot by Ryan Getzlaf.
3:14 of 1st period - Stopped by Carey Price without a rebound.
3:15 of 1st period - Ryan Getzlaf wins face-off versus Travis Zajac in Blues zone.
3:20 of 1st period - Wrist shot by Blake Wheeler.
3:20 of 1st period - Shot Misses the Net.
3:28 of 1st period - Wrist shot by Alex Pietrangelo.
3:28 of 1st period - Deflect By Derek Boogaard.
3:28 of 1st period - Shot Misses the Net.
3:28 of 1st period - Puck is out of play.
3:29 of 1st period - Joe Thornton wins face-off versus Nicklas Backstrom in Capitals zone.
4:24 of 1st period - Snap shot by Alexei Morozov.
4:24 of 1st period - Stopped by Carey Price with a rebound.
4:56 of 1st period - Christian Ehrhoff is hit by Tuomo Ruutu and loses puck.
5:17 of 1st period - Jake Gardiner is hit by Ryan Getzlaf.
5:27 of 1st period - Slapshot by B.J. Crombeen.
5:27 of 1st period - Shot Misses the Net.
6:44 of 1st period - Minor Penalty to Christian Ehrhoff for Interference.
6:45 of 1st period - Travis Zajac wins face-off versus Ryan Getzlaf in Blues zone.
6:59 of 1st period - Backhand shot by Jamie Benn.
6:59 of 1st period - Deflect By Ryan Getzlaf.
6:59 of 1st period - Stopped by Carey Price without a rebound.
7:00 of 1st period - Ryan Getzlaf wins face-off versus Travis Zajac in Blues zone.
7:07 of 1st period - Wrist shot by Blake Wheeler.
7:07 of 1st period - Shot Misses the Net.
7:09 of 1st period - Slapshot by Ryan Getzlaf.
7:09 of 1st period - Shot Misses the Net.
7:15 of 1st period - Wrist shot by Jamie Benn.
7:15 of 1st period - Shot Hit the Post.
8:44 of 1st period - Penalty to Christian Ehrhoff is over, Christian Ehrhoff is back on ice.
9:21 of 1st period - Slapshot by Lasse Kukkonen.
9:21 of 1st period - Shot Blocked by Bryce Lampman.
9:23 of 1st period - Backhand shot by Darroll Powe.
9:23 of 1st period - Stopped by Carey Price with a rebound.
9:25 of 1st period - Backhand shot by Keith Yandle.
9:25 of 1st period - Stopped by Carey Price without a rebound.
9:26 of 1st period - Nicklas Backstrom wins face-off versus Josef Vasicek in Blues zone.
9:31 of 1st period - Lasse Kukkonen is hit by Nicklas Backstrom and loses puck.
9:38 of 1st period - Yann Sauvé is hit by Josef Vasicek and loses puck.
10:01 of 1st period - Snap shot by Blake Wheeler.
10:01 of 1st period - Stopped by Carey Price without a rebound.
10:02 of 1st period - Ryan Getzlaf wins face-off versus Travis Zajac in Blues zone.
10:05 of 1st period - Slapshot by Jamie Benn.
10:05 of 1st period - Stopped by Carey Price with a rebound.
10:07 of 1st period - Slapshot by Ryan Getzlaf.
10:07 of 1st period - Shot Blocked by Alex Pietrangelo.
10:09 of 1st period - Wrist shot by Paul Martin.
10:09 of 1st period - Stopped by Carey Price without a rebound.
10:10 of 1st period - Ryan Getzlaf wins face-off versus Travis Zajac in Blues zone.
10:14 of 1st period - Minor Penalty to Alex Pietrangelo for Delaying the game.
10:15 of 1st period - Ryan Getzlaf wins face-off versus Travis Zajac in Blues zone.
12:14 of 1st period - Penalty to Alex Pietrangelo is over, Alex Pietrangelo is back on ice.
12:23 of 1st period - Slapshot by Alex Pietrangelo.
12:23 of 1st period - Deflect By Milan Michalek.
12:23 of 1st period - Shot Misses the Net.
12:23 of 1st period - Puck is out of play.
12:24 of 1st period - Nicklas Backstrom wins face-off versus Josef Vasicek in Capitals zone.
12:35 of 1st period - Slapshot by Erik Karlsson.
12:35 of 1st period - Shot Misses the Net.
12:37 of 1st period - Slapshot by Erik Karlsson.
12:37 of 1st period - Shot Misses the Net.
12:39 of 1st period - Wrist shot by Alexei Morozov.
12:39 of 1st period - Shot Blocked by Nicklas Backstrom.
12:41 of 1st period - Minor Penalty to Milan Michalek for Hooking.
12:42 of 1st period - Travis Zajac wins face-off versus T.J. Oshie in Blues zone.
12:59 of 1st period - Slapshot by Joe Thornton.
12:59 of 1st period - Stopped by Carey Price without a rebound.
13:00 of 1st period - Travis Zajac wins face-off versus Ryan Getzlaf in Blues zone.
13:21 of 1st period - Slapshot by Paul Martin.
13:21 of 1st period - Stopped by Carey Price with a rebound.
13:29 of 1st period - Wrist shot by Joe Thornton.
13:29 of 1st period - Stopped by Carey Price with a rebound.
13:31 of 1st period - Slapshot by T.J. Oshie.
13:31 of 1st period - Shot Blocked by Bryce Lampman.
13:47 of 1st period - Snap shot by Alex Pietrangelo.
13:47 of 1st period - Shot Misses the Net.
14:41 of 1st period - Penalty to Milan Michalek is over, Milan Michalek is back on ice.
15:17 of 1st period - Slapshot by Logan Couture.
15:17 of 1st period - Stopped by Roberto Luongo without a rebound.
15:18 of 1st period - Tomas Plekanec wins face-off versus Blake Wheeler in Capitals zone.
15:43 of 1st period - Travis Zajac is hit by Chris Kunitz and loses puck.
15:51 of 1st period - Off-side.
15:52 of 1st period - Patrick Kaleta wins face-off versus Jamie Benn in neutral zone.
17:02 of 1st period - Jamie Benn is hit by Logan Couture and loses puck.
17:09 of 1st period - Slapshot by Logan Couture.
17:09 of 1st period - Shot Misses the Net.
17:38 of 1st period - Icing by Lasse Kukkonen.
17:39 of 1st period - Travis Zajac wins face-off versus Josef Vasicek in Capitals zone.
17:47 of 1st period - Snap shot by Travis Zajac.
17:47 of 1st period - Shot Misses the Net.
17:49 of 1st period - Backhand shot by Yann Sauvé.
17:49 of 1st period - Shot Hit the Post.
18:05 of 1st period - Wrist shot by Ryan Getzlaf.
18:05 of 1st period - Shot Hit the Post.
18:23 of 1st period - Milan Michalek is hit by Gabriel Landeskog and loses puck.
18:30 of 1st period - Snap shot by T.J. Oshie.
18:30 of 1st period - Stopped by Carey Price with a rebound.
18:32 of 1st period - Snap shot by Gabriel Landeskog.
18:32 of 1st period - Shot Blocked by Christian Ehrhoff.
19:25 of 1st period - Matt Irwin is hit by Tomas Plekanec and loses puck.
Goals for this period are 1 for Blues vs 0 for Capitals.
Shots for this period are 4 for Blues vs 13 for Capitals.
2nd period
0:01 of 2nd period - Nicklas Backstrom wins face-off versus Ryan Getzlaf in neutral zone.
0:14 of 2nd period - Wrist shot by Nicklas Backstrom.
0:14 of 2nd period - Stopped by Roberto Luongo with a rebound.
0:26 of 2nd period - Travis Zajac is hit by T.J. Oshie.
0:59 of 2nd period - Off-side.
1:00 of 2nd period - Nicklas Backstrom wins face-off versus Ryan Getzlaf in neutral zone.
1:39 of 2nd period - Slapshot by T.J. Oshie.
1:39 of 2nd period - Stopped by Carey Price with a rebound.
2:53 of 2nd period - Icing by Paul Martin.
2:54 of 2nd period - Tomas Plekanec wins face-off versus Joe Thornton in Capitals zone.
3:21 of 2nd period - Matt Carle is hit by Bryce Lampman and loses puck.
3:28 of 2nd period - Wrist shot by Nicklas Backstrom.
3:28 of 2nd period - Stopped by Roberto Luongo without a rebound.
3:29 of 2nd period - Ryan Getzlaf wins face-off versus Nicklas Backstrom in Capitals zone.
3:29 of 2nd period - Ryan Getzlaf is hit by Nicklas Backstrom.
3:36 of 2nd period - Snap shot by Nicklas Backstrom.
3:36 of 2nd period - Stopped by Roberto Luongo without a rebound.
3:37 of 2nd period - Nicklas Backstrom wins face-off versus Ryan Getzlaf in Capitals zone.
3:58 of 2nd period - Nicklas Backstrom is hit by Blake Wheeler.
4:19 of 2nd period - Off-side.
4:20 of 2nd period - Travis Zajac wins face-off versus Joe Thornton in neutral zone.
4:31 of 2nd period - Wrist shot by B.J. Crombeen.
4:31 of 2nd period - Stopped by Roberto Luongo without a rebound.
4:32 of 2nd period - Joe Thornton wins face-off versus Travis Zajac in Capitals zone.
4:43 of 2nd period - Slapshot by Erik Karlsson.
4:43 of 2nd period - Goal by Erik Karlsson - Blues : 1 - Capitals : 1.
4:44 of 2nd period - Milan Michalek wins face-off versus Ryan Getzlaf in neutral zone.
5:20 of 2nd period - Snap shot by T.J. Oshie.
5:20 of 2nd period - Shot Blocked by Bryce Lampman.
5:38 of 2nd period - Matt Irwin is hit by Travis Zajac and loses puck.
5:57 of 2nd period - Wrist shot by Alex Pietrangelo.
5:57 of 2nd period - Shot Misses the Net.
5:59 of 2nd period - Wrist shot by Patrick Kaleta.
5:59 of 2nd period - Deflect By Tomas Plekanec.
5:59 of 2nd period - Shot Blocked by Keith Yandle.
5:59 of 2nd period - Puck is out of play.
6:00 of 2nd period - Joe Thornton wins face-off versus Nicklas Backstrom in Capitals zone.
6:00 of 2nd period - Joe Thornton is hit by Nicklas Backstrom.
6:06 of 2nd period - Slapshot by Paul Martin.
6:06 of 2nd period - Stopped by Carey Price with a rebound.
6:08 of 2nd period - Slapshot by Erik Karlsson.
6:08 of 2nd period - Stopped by Carey Price with a rebound.
6:10 of 2nd period - Backhand shot by Paul Martin.
6:10 of 2nd period - Stopped by Carey Price without a rebound.
6:11 of 2nd period - Nicklas Backstrom wins face-off versus Ryan Getzlaf in Blues zone.
6:41 of 2nd period - Snap shot by Travis Zajac.
6:41 of 2nd period - Deflect By B.J. Crombeen.
6:41 of 2nd period - Shot Blocked by Matt Carle.
6:41 of 2nd period - Puck is out of play.
6:42 of 2nd period - Ryan Getzlaf wins face-off versus Travis Zajac in Capitals zone.
6:52 of 2nd period - Wrist shot by Ryan Getzlaf.
6:52 of 2nd period - Shot Blocked by Derek Boogaard.
6:54 of 2nd period - Slapshot by Jamie Benn.
6:54 of 2nd period - Shot Blocked by Bryce Lampman.
6:56 of 2nd period - Wrist shot by Ryan Getzlaf.
6:56 of 2nd period - Stopped by Carey Price with a rebound.
6:58 of 2nd period - Snap shot by Ryan Getzlaf.
6:58 of 2nd period - Shot Misses the Net.
7:12 of 2nd period - Snap shot by Joe Thornton.
7:12 of 2nd period - Deflect By T.J. Oshie.
7:12 of 2nd period - Shot Misses the Net.
7:12 of 2nd period - Puck is out of play.
7:13 of 2nd period - Joe Thornton wins face-off versus Nicklas Backstrom in Blues zone.
7:34 of 2nd period - Off-side.
7:35 of 2nd period - Ryan Getzlaf wins face-off versus Logan Couture in neutral zone.
7:38 of 2nd period - Slapshot by Matt Carle.
7:38 of 2nd period - Deflect By Alex Pietrangelo.
7:38 of 2nd period - Stopped by Carey Price without a rebound.
7:39 of 2nd period - Logan Couture wins face-off versus Ryan Getzlaf in Blues zone.
7:46 of 2nd period - Snap shot by Sergei Shirokov.
7:46 of 2nd period - Shot Misses the Net.
7:48 of 2nd period - Wrist shot by Sergei Shirokov.
7:48 of 2nd period - Shot Blocked by Matt Carle.
7:50 of 2nd period - Slapshot by Alex Pietrangelo.
7:50 of 2nd period - Deflect By Matt Carle.
7:50 of 2nd period - Stopped by Roberto Luongo without a rebound.
7:51 of 2nd period - Jamie Benn wins face-off versus Nicklas Backstrom in Capitals zone.
7:56 of 2nd period - Slapshot by Jamie Benn.
7:56 of 2nd period - Deflect By Ryan Getzlaf.
7:56 of 2nd period - Goal by Ryan Getzlaf - Blues : 1 - Capitals : 2.
7:57 of 2nd period - Nicklas Backstrom wins face-off versus Blake Wheeler in neutral zone.
8:13 of 2nd period - Off-side.
8:14 of 2nd period - Travis Zajac wins face-off versus Joe Thornton in neutral zone.
8:46 of 2nd period - Slapshot by Paul Martin.
8:46 of 2nd period - Shot Blocked by Bryce Lampman.
8:48 of 2nd period - Wrist shot by Ryan Getzlaf.
8:48 of 2nd period - Deflect By Blake Wheeler.
8:48 of 2nd period - Shot Blocked by Alex Pietrangelo.
8:48 of 2nd period - Puck is out of play.
8:49 of 2nd period - Ryan Getzlaf wins face-off versus Logan Couture in Blues zone.
10:18 of 2nd period - Off-side.
10:19 of 2nd period - Ryan Getzlaf wins face-off versus Sergei Shirokov in neutral zone.
10:32 of 2nd period - Wrist shot by Sergei Shirokov.
10:32 of 2nd period - Shot Misses the Net.
11:08 of 2nd period - Slapshot by Alexei Morozov.
11:08 of 2nd period - Stopped by Carey Price with a rebound.
11:10 of 2nd period - Wrist shot by Alexei Morozov.
11:10 of 2nd period - Stopped by Carey Price without a rebound.
11:11 of 2nd period - Travis Zajac wins face-off versus Ryan Getzlaf in Blues zone.
11:33 of 2nd period - Travis Zajac is hit by Blake Wheeler and loses puck.
12:00 of 2nd period - Wrist shot by Travis Zajac.
12:00 of 2nd period - Shot Misses the Net.
12:02 of 2nd period - Wrist shot by Jake Gardiner.
12:02 of 2nd period - Deflect By Paul Martin.
12:02 of 2nd period - Stopped by Roberto Luongo without a rebound.
12:03 of 2nd period - Nicklas Backstrom wins face-off versus Joe Thornton in Capitals zone.
12:14 of 2nd period - Backhand shot by Nicklas Backstrom.
12:14 of 2nd period - Stopped by Roberto Luongo with a rebound.
12:30 of 2nd period - Blake Wheeler is hit by Bryce Lampman and loses puck.
12:35 of 2nd period - Snap shot by Sergei Shirokov.
12:35 of 2nd period - Stopped by Roberto Luongo without a rebound.
12:36 of 2nd period - Blake Wheeler wins face-off versus Logan Couture in Capitals zone.
12:36 of 2nd period - Blake Wheeler is hit by Linus Omark.
12:42 of 2nd period - Wrist shot by Logan Couture.
12:42 of 2nd period - Stopped by Roberto Luongo with a rebound.
13:02 of 2nd period - Slapshot by Sergei Shirokov.
13:02 of 2nd period - Stopped by Roberto Luongo with a rebound.
13:12 of 2nd period - Slapshot by Linus Omark.
13:12 of 2nd period - Deflect By Logan Couture.
13:12 of 2nd period - Shot Misses the Net.
13:12 of 2nd period - Puck is out of play.
13:13 of 2nd period - Nicklas Backstrom wins face-off versus Joe Thornton in Capitals zone.
14:09 of 2nd period - Snap shot by Patrick Kaleta.
14:09 of 2nd period - Stopped by Roberto Luongo with a rebound.
14:25 of 2nd period - Wrist shot by Eric Fehr.
14:25 of 2nd period - Shot Blocked by Victor Hedman.
14:27 of 2nd period - Slapshot by Keith Yandle.
14:27 of 2nd period - Shot Blocked by Jake Gardiner.
14:29 of 2nd period - Snap shot by Darroll Powe.
14:29 of 2nd period - Stopped by Carey Price with a rebound.
14:39 of 2nd period - Slapshot by Victor Hedman.
14:39 of 2nd period - Shot Misses the Net.
14:41 of 2nd period - Snap shot by Jason Pominville.
14:41 of 2nd period - Stopped by Roberto Luongo with a rebound.
14:43 of 2nd period - Slapshot by Jake Gardiner.
14:43 of 2nd period - Shot Misses the Net.
14:49 of 2nd period - Wrist shot by Nicklas Backstrom.
14:49 of 2nd period - Shot Misses the Net.
15:07 of 2nd period - Wrist shot by Patrick Kaleta.
15:07 of 2nd period - Shot Blocked by Paul Martin.
15:09 of 2nd period - Wrist shot by Patrick Kaleta.
15:09 of 2nd period - Shot Misses the Net.
15:11 of 2nd period - Slapshot by Yann Sauvé.
15:11 of 2nd period - Stopped by Roberto Luongo with a rebound.
15:13 of 2nd period - Snap shot by Tomas Plekanec.
15:13 of 2nd period - Shot Misses the Net.
15:25 of 2nd period - Snap shot by Travis Zajac.
15:25 of 2nd period - Stopped by Roberto Luongo without a rebound.
15:26 of 2nd period - B.J. Crombeen wins face-off versus Ryan Getzlaf in Capitals zone.
15:33 of 2nd period - Slapshot by Alex Pietrangelo.
15:33 of 2nd period - Shot Misses the Net.
16:05 of 2nd period - Minor Penalty to Jason Pominville for Hooking.
16:06 of 2nd period - Ryan Getzlaf wins face-off versus Travis Zajac in Blues zone.
16:15 of 2nd period - Wrist shot by Jamie Benn.
16:15 of 2nd period - Shot Blocked by Jake Gardiner.
16:17 of 2nd period - Slapshot by Ryan Getzlaf.
16:17 of 2nd period - Shot Misses the Net.
16:44 of 2nd period - Slapshot by Nicklas Backstrom.
16:44 of 2nd period - Shot Misses the Net.
16:58 of 2nd period - Snap shot by Ryan Getzlaf.
16:58 of 2nd period - Shot Blocked by Bryce Lampman.
17:40 of 2nd period - Erik Karlsson is hit by Derek Boogaard and loses puck.
18:05 of 2nd period - Penalty to Jason Pominville is over, Jason Pominville is back on ice.
18:35 of 2nd period - Snap shot by Darroll Powe.
18:35 of 2nd period - Stopped by Carey Price with a rebound.
18:37 of 2nd period - Slapshot by Matt Carle.
18:37 of 2nd period - Stopped by Carey Price with a rebound.
18:39 of 2nd period - Snap shot by Matt Irwin.
18:39 of 2nd period - Deflect By Patrick Kaleta.
18:39 of 2nd period - Stopped by Carey Price with a rebound.
18:41 of 2nd period - Backhand shot by Darroll Powe.
18:41 of 2nd period - Shot Blocked by Christian Ehrhoff.
19:08 of 2nd period - Off-side.
19:09 of 2nd period - Travis Zajac wins face-off versus Darroll Powe in neutral zone.
19:12 of 2nd period - Paul Martin is hit by Jake Gardiner.
19:35 of 2nd period - Sergei Shirokov is hit by Ryan Getzlaf and loses puck.
19:46 of 2nd period - Snap shot by Blake Wheeler.
19:46 of 2nd period - Shot Misses the Net.
Goals for this period are 0 for Blues vs 2 for Capitals.
Shots for this period are 14 for Blues vs 14 for Capitals.
3rd period
0:01 of 3rd period - Nicklas Backstrom wins face-off versus Ryan Getzlaf in neutral zone.
0:03 of 3rd period - Minor Penalty to Milan Michalek for Interference.
0:04 of 3rd period - Travis Zajac wins face-off versus Ryan Getzlaf in Blues zone.
0:39 of 3rd period - Slapshot by Erik Karlsson.
0:39 of 3rd period - Shot Blocked by Jason Pominville.
0:55 of 3rd period - Matt Irwin is hit by Patrick Kaleta and loses puck.
1:26 of 3rd period - Slapshot by Nicklas Backstrom.
1:26 of 3rd period - Shot Blocked by Erik Karlsson.
1:44 of 3rd period - Erik Karlsson is hit by Alex Pietrangelo and loses puck.
2:03 of 3rd period - Penalty to Milan Michalek is over, Milan Michalek is back on ice.
2:21 of 3rd period - Sergei Shirokov is hit by Tuomo Ruutu and loses puck.
2:40 of 3rd period - Slapshot by Lasse Kukkonen.
2:40 of 3rd period - Shot Misses the Net.
3:45 of 3rd period - Icing by Eric Fehr.
3:46 of 3rd period - Nicklas Backstrom wins face-off versus Eric Fehr in Capitals zone.
3:49 of 3rd period - Slapshot by Nicklas Backstrom.
3:49 of 3rd period - Shot Blocked by Matt Carle.
3:51 of 3rd period - Slapshot by Nicklas Backstrom.
3:51 of 3rd period - Stopped by Roberto Luongo without a rebound.
3:52 of 3rd period - Jamie Benn wins face-off versus Nicklas Backstrom in Capitals zone.
4:02 of 3rd period - Slapshot by Nicklas Backstrom.
4:02 of 3rd period - Stopped by Roberto Luongo without a rebound.
4:03 of 3rd period - Ryan Getzlaf wins face-off versus Jason Pominville in Capitals zone.
4:49 of 3rd period - Icing by Jake Gardiner.
4:50 of 3rd period - Joe Thornton wins face-off versus Travis Zajac in Blues zone.
5:01 of 3rd period - Snap shot by B.J. Crombeen.
5:01 of 3rd period - Shot Misses the Net.
5:20 of 3rd period - Off-side.
5:21 of 3rd period - Ryan Getzlaf wins face-off versus Logan Couture in neutral zone.
5:43 of 3rd period - Snap shot by Logan Couture.
5:43 of 3rd period - Shot Misses the Net.
5:45 of 3rd period - Slapshot by Linus Omark.
5:45 of 3rd period - Goal by Linus Omark - Blues : 2 - Capitals : 2.
5:46 of 3rd period - Ryan Getzlaf wins face-off versus Nicklas Backstrom in neutral zone.
6:42 of 3rd period - Matt Irwin is hit by Derek Boogaard and loses puck.
7:10 of 3rd period - Tomas Plekanec is hit by Joe Thornton and loses puck.
8:09 of 3rd period - Wrist shot by Derek Boogaard.
8:09 of 3rd period - Stopped by Roberto Luongo without a rebound.
8:10 of 3rd period - Logan Couture wins face-off versus Joe Thornton in Capitals zone.
8:11 of 3rd period - Snap shot by Sergei Shirokov.
8:11 of 3rd period - Stopped by Roberto Luongo with a rebound.
8:58 of 3rd period - Slapshot by Jake Gardiner.
8:58 of 3rd period - Stopped by Roberto Luongo without a rebound.
8:59 of 3rd period - Ryan Getzlaf wins face-off versus Travis Zajac in Capitals zone.
9:26 of 3rd period - Jason Pominville is hit by T.J. Oshie and loses puck.
9:45 of 3rd period - Snap shot by Alexei Morozov.
9:45 of 3rd period - Deflect By Linus Omark.
9:45 of 3rd period - Shot Misses the Net.
9:45 of 3rd period - Puck is out of play.
9:46 of 3rd period - Josef Vasicek wins face-off versus Logan Couture in Blues zone.
9:53 of 3rd period - Snap shot by Alex Pietrangelo.
9:53 of 3rd period - Stopped by Roberto Luongo with a rebound.
9:55 of 3rd period - Snap shot by Linus Omark.
9:55 of 3rd period - Stopped by Roberto Luongo without a rebound.
9:56 of 3rd period - Ryan Getzlaf wins face-off versus Jason Pominville in Capitals zone.
10:42 of 3rd period - Matt Carle is hit by Logan Couture and loses puck.
11:30 of 3rd period - Wrist shot by Jamie Benn.
11:30 of 3rd period - Stopped by Carey Price with a rebound.
11:32 of 3rd period - Snap shot by Ryan Getzlaf.
11:32 of 3rd period - Deflect By Jamie Benn.
11:32 of 3rd period - Stopped by Carey Price without a rebound.
11:33 of 3rd period - Nicklas Backstrom wins face-off versus Josef Vasicek in Blues zone.
11:41 of 3rd period - Jake Gardiner is hit by Erik Karlsson.
12:03 of 3rd period - Snap shot by Derek Boogaard.
12:03 of 3rd period - Shot Blocked by Blake Wheeler.
12:25 of 3rd period - Snap shot by Linus Omark.
12:25 of 3rd period - Shot Misses the Net.
12:27 of 3rd period - Slapshot by Linus Omark.
12:27 of 3rd period - Shot Misses the Net.
12:29 of 3rd period - Wrist shot by Linus Omark.
12:29 of 3rd period - Shot Misses the Net.
12:43 of 3rd period - Slapshot by Patrick Kaleta.
12:43 of 3rd period - Stopped by Roberto Luongo without a rebound.
12:44 of 3rd period - Nicklas Backstrom wins face-off versus Darroll Powe in Capitals zone.
14:25 of 3rd period - Off-side.
14:26 of 3rd period - Travis Zajac wins face-off versus Ryan Getzlaf in neutral zone.
14:29 of 3rd period - Slapshot by Alex Pietrangelo.
14:29 of 3rd period - Stopped by Roberto Luongo without a rebound.
14:30 of 3rd period - Ryan Getzlaf wins face-off versus Derek Boogaard in Capitals zone.
15:15 of 3rd period - Snap shot by Travis Zajac.
15:15 of 3rd period - Shot Misses the Net.
15:17 of 3rd period - Slapshot by B.J. Crombeen.
15:17 of 3rd period - Stopped by Roberto Luongo without a rebound.
15:18 of 3rd period - Nicklas Backstrom wins face-off versus Joe Thornton in Capitals zone.
15:23 of 3rd period - Snap shot by Jason Pominville.
15:23 of 3rd period - Shot Misses the Net.
15:27 of 3rd period - Snap shot by Nicklas Backstrom.
15:27 of 3rd period - Deflect By Jason Pominville.
15:27 of 3rd period - Stopped by Roberto Luongo without a rebound.
15:28 of 3rd period - Ryan Getzlaf wins face-off versus Nicklas Backstrom in Capitals zone.
15:41 of 3rd period - Wrist shot by Nicklas Backstrom.
15:41 of 3rd period - Stopped by Roberto Luongo without a rebound.
15:42 of 3rd period - Logan Couture wins face-off versus Ryan Getzlaf in Capitals zone.
16:18 of 3rd period - Wrist shot by Tuomo Ruutu.
16:18 of 3rd period - Shot Blocked by Jason Pominville.
16:52 of 3rd period - Wrist shot by Tomas Plekanec.
16:52 of 3rd period - Stopped by Roberto Luongo without a rebound.
16:53 of 3rd period - Tomas Plekanec wins face-off versus Ryan Getzlaf in Capitals zone.
17:06 of 3rd period - Slapshot by Ryan Getzlaf.
17:06 of 3rd period - Deflect By Jamie Benn.
17:06 of 3rd period - Shot Blocked by Tomas Plekanec.
17:06 of 3rd period - Puck is out of play.
17:07 of 3rd period - Josef Vasicek wins face-off versus Logan Couture in Blues zone.
17:08 of 3rd period - Snap shot by Alexei Morozov.
17:08 of 3rd period - Stopped by Carey Price without a rebound.
17:09 of 3rd period - Sergei Shirokov wins face-off versus Josef Vasicek in Blues zone.
17:09 of 3rd period - Sergei Shirokov is hit by Josef Vasicek.
17:23 of 3rd period - Slapshot by Tuomo Ruutu.
17:23 of 3rd period - Shot Blocked by Linus Omark.
17:25 of 3rd period - Slapshot by Erik Karlsson.
17:25 of 3rd period - Stopped by Carey Price without a rebound.
17:26 of 3rd period - Ryan Getzlaf wins face-off versus Nicklas Backstrom in Blues zone.
17:41 of 3rd period - Snap shot by Ryan Getzlaf.
17:41 of 3rd period - Shot Misses the Net.
17:53 of 3rd period - Alexei Morozov is hit by Alex Pietrangelo and loses puck.
18:12 of 3rd period - Slapshot by Alex Pietrangelo.
18:12 of 3rd period - Shot Misses the Net.
18:41 of 3rd period - Jake Gardiner is hit by Matt Carle and loses puck.
18:56 of 3rd period - Matt Irwin is hit by B.J. Crombeen and loses puck.
19:15 of 3rd period - Logan Couture is hit by Alexei Morozov.
Goals for this period are 1 for Blues vs 0 for Capitals.
Shots for this period are 14 for Blues vs 4 for Capitals.
Overtime #1
0:01 of 1st overtime period - Joe Thornton wins face-off versus Travis Zajac in neutral zone.
0:46 of 1st overtime period - Slapshot by Matt Carle.
0:46 of 1st overtime period - Stopped by Carey Price with a rebound.
0:48 of 1st overtime period - Slapshot by Matt Irwin.
0:48 of 1st overtime period - Stopped by Carey Price with a rebound.
0:56 of 1st overtime period - Slapshot by Blake Wheeler.
0:56 of 1st overtime period - Stopped by Carey Price with a rebound.
2:22 of 1st overtime period - Matt Carle is hit by Logan Couture and loses puck.
2:55 of 1st overtime period - Snap shot by Marcel Hossa.
2:55 of 1st overtime period - Stopped by Roberto Luongo with a rebound.
2:57 of 1st overtime period - Slapshot by Marcel Hossa.
2:57 of 1st overtime period - Goal by Marcel Hossa - Blues : 3 - Capitals : 2.
Goals for this period are 1 for Blues vs 0 for Capitals.
Shots for this period are 2 for Blues vs 3 for Capitals.
Back to the Top